PIO (24 & UNDER)
CHULA VISTA TACOS @ COLORADO COMMANDERS
09/13/2023
 
TOP OF THE 1ST
Chula Vista Tacos batting - Pitching for Colorado Commanders : RHP Manuel Zarate
Pitching: RHP Manuel Zarate
Batting: RHB Jorge Collazo 0-0: Called Strike
0-1: Ball
1-1: Ball
2-1: Ball
3-1: Base on Balls
Batting: RHB John Nelson 0-0: Ball
1-0: Foul Ball, location: 2F
1-1: Foul Ball, location: 2F
1-2: Fly out, F8 (Flyball, 8RM)
1-2: Fly out, F8 (Flyball, 8RM)
Batting: SHB Adrián Nieto 0-0: Ball
Jorge Collazo steals 2nd base
1-0: Called Strike
1-1: Foul Ball, location: 2F
1-2: Ball
2-2: Ball
3-2: Foul Ball, location: 2F
3-2: Base on Balls
Batting: LHB Ken Phillips 0-0: Ball
1-0: Called Strike
1-1: SINGLE (Line Drive, 89M)
Jorge Collazo to third
Adrián Nieto to second
Runner from 3rd tries for Home, SAFE, no throw or cutoff
Batting: SHB Brian Price 0-0: Ball
1-0: Foul Ball, location: 2F
1-1: Ball
2-1: Fielders Choice at 2nd, 4-6 (Groundball, 4)
Adrián Nieto to third
Batting: LHB Alberto Santos 0-0: Ball
1-0: Ball
2-0: Ball
3-0: Called Strike
3-1: Base on Balls
Brian Price to second
Batting: LHB Ray Bryant 0-0: Called Strike
0-1: Ball
Wild Pitch!
Adrián Nieto scores
Brian Price to third
Alberto Santos to second
1-1: Ball
2-1: Ball
3-1: Fly out, F5 (Line Drive, 56)
Top of the 1st over - 2 run(s), 1 hit(s), 0 error(s), 2 left on base; Chula Vista 2 - Colorado 0
BOTTOM OF THE 1ST
Colorado Commanders batting - Pitching for Chula Vista Tacos : LHP Raymond Ritchie
Pitching: LHP Raymond Ritchie
Batting: LHB Rafael Delgado 0-0: Ball
1-0: Called Strike
1-1: Ball
2-1: Ball
3-1: Foul Ball, location: 2F
3-2: Strikes out swinging
Batting: RHB Emílio Bruno 0-0: Ball
1-0: Ball
2-0: Called Strike
2-1: SINGLE (Line Drive, 56D)
Batting: RHB Arnold Harmon 0-0: Ball
1-0: Called Strike
1-1: Swinging Strike
1-2: Strikes out swinging
Batting: RHB Diego Francisco 0-0: Ball
Emílio Bruno steals 2nd base
1-0: Ground out 5-3 (Groundball, 56)
Bottom of the 1st over - 0 run(s), 1 hit(s), 0 error(s), 1 left on base; Chula Vista 2 - Colorado 0
TOP OF THE 2ND
Chula Vista Tacos batting - Pitching for Colorado Commanders : RHP Manuel Zarate
Batting: RHB Doug Brown 0-0: Called Strike
0-1: Ball
1-1: Ball
2-1: Foul Ball, location: 2F
2-2: Ball
3-2: Fly out, F8 (Flyball, 8LM)
Batting: LHB Jaime Icaza 0-0: Foul Ball, location: 2F
0-1: Swinging Strike
0-2: Fly out, F8 (Flyball, 8LM)
Batting: RHB Jorge Collazo 0-0: Called Strike
0-1: Ball
1-1: Ball
2-1: Ball
3-1: Foul Ball, location: 2F
3-2: Base on Balls
Batting: RHB John Nelson 0-0: Called Strike
0-1: Foul Ball, location: 2F
0-2: Ball
1-2: Foul Ball, location: 2F
1-2: Foul Ball, location: 2F
1-2: Foul Ball, location: 2F
1-2: Foul Ball, location: 2F
1-2: Ground out U3 (Groundball, 3S)
Top of the 2nd over - 0 run(s), 0 hit(s), 0 error(s), 1 left on base; Chula Vista 2 - Colorado 0
BOTTOM OF THE 2ND
Colorado Commanders batting - Pitching for Chula Vista Tacos : LHP Raymond Ritchie
Batting: LHB Gary Kern 0-0: Called Strike
0-1: Swinging Strike
0-2: Strikes out looking
Batting: RHB Tim Adkins 0-0: Ball
1-0: Ground out 4-3 (Groundball, 4)
Batting: SHB Ángel Díaz 0-0: Foul Ball, location: 2F
0-1: Fly out, F6 (Popup, 6MS)
Bottom of the 2nd over - 0 run(s), 0 hit(s), 0 error(s), 0 left on base; Chula Vista 2 - Colorado 0
TOP OF THE 3RD
Chula Vista Tacos batting - Pitching for Colorado Commanders : RHP Manuel Zarate
Batting: SHB Adrián Nieto 0-0: Ball
1-0: Ball
2-0: Ball
3-0: Called Strike
3-1: Foul Ball, location: 2F
3-2: Hit by Pitch
Batting: LHB Ken Phillips 0-0: Foul Ball, location: 2F
0-1: Ball
1-1: Swinging Strike
1-2: Ball
2-2: Fly out, F6 (Line Drive, 6M)
Batting: SHB Brian Price 0-0: Ball
1-0: Foul Ball, location: 2F
1-1: Ball
2-1: 2-RUN HOME RUN (Flyball, 9LD), Distance : 357 ft
Batting: LHB Alberto Santos 0-0: Called Strike
0-1: Ball
1-1: Ball
2-1: Ball
3-1: Called Strike
3-2: Strikes out swinging
Batting: LHB Ray Bryant 0-0: Called Strike
0-1: Foul Ball, location: 2F
0-2: Foul Ball, location: 2F
0-2: Ball
1-2: Ball
2-2: Strikes out looking
Top of the 3rd over - 2 run(s), 1 hit(s), 0 error(s), 0 left on base; Chula Vista 4 - Colorado 0
BOTTOM OF THE 3RD
Colorado Commanders batting - Pitching for Chula Vista Tacos : LHP Raymond Ritchie
Batting: RHB Lee Price 0-0: Called Strike
0-1: Foul Ball, location: 2F
0-2: Ball
1-2: Strikes out swinging
Batting: RHB Emiel van Rhee 0-0: Ball
1-0: Foul Ball, location: 2F
1-1: Ball
2-1: SINGLE (Line Drive, 6D)
Batting: LHB Rafael Delgado 0-0: Called Strike
0-1: Ball
1-1: Ball
2-1: Foul Ball, location: 2F
2-2: SINGLE (Groundball, 4MD)
Emiel van Rhee to second
Batting: RHB Emílio Bruno 0-0: Ball
Emiel van Rhee steals 3rd base
Rafael Delgado to second
1-0: DOUBLE (Flyball, 8RXD)
Emiel van Rhee scores
Rafael Delgado scores
Batting: RHB Arnold Harmon 0-0: Called Strike
0-1: Ball
Emílio Bruno steals 3rd base
1-1: Ball
2-1: Swinging Strike
2-2: Strikes out swinging
Batting: RHB Diego Francisco 0-0: Ball
1-0: Ball
2-0: Called Strike
2-1: Ball
3-1: SINGLE (Flyball, 9S)
Emílio Bruno scores
Batting: LHB Gary Kern 0-0: Ground out 4-3 (Groundball, 4)
Bottom of the 3rd over - 3 run(s), 4 hit(s), 0 error(s), 1 left on base; Chula Vista 4 - Colorado 3
TOP OF THE 4TH
Chula Vista Tacos batting - Pitching for Colorado Commanders : RHP Manuel Zarate
Batting: RHB Doug Brown 0-0: Ball
1-0: Ball
2-0: Fly out, F8 (Flyball, 8LXD)
Pitching: RHP Bill Davis
Batting: LHB Jaime Icaza 0-0: Ball
1-0: Ball
2-0: SINGLE (Groundball, 5D)
Batting: RHB Jorge Collazo 0-0: Ball
1-0: Ball
2-0: Ball
3-0: Called Strike
3-1: Foul Ball, location: 2F
3-2: Fly out, F9 (Flyball, 89XD)
Batting: RHB John Nelson 0-0: Called Strike
0-1: Ball
1-1: SINGLE (Line Drive, 4MD)
Jaime Icaza to second
Batting: SHB Adrián Nieto 0-0: Ball
1-0: 3-RUN HOME RUN (Line Drive, 89XD), Distance : 401 ft
Batting: LHB Ken Phillips 0-0: Ball
1-0: Ball
2-0: Foul Ball, location: 2F
2-1: Fly out, F9 (Flyball, 9M)
Top of the 4th over - 3 run(s), 3 hit(s), 0 error(s), 0 left on base; Chula Vista 7 - Colorado 3
BOTTOM OF THE 4TH
Colorado Commanders batting - Pitching for Chula Vista Tacos : LHP Raymond Ritchie
Batting: RHB Tim Adkins 0-0: SINGLE (Groundball, 6MD)
Batting: SHB Ángel Díaz 0-0: Ball
1-0: Called Strike
1-1: Foul Ball, location: 2F
1-2: Foul Ball, location: 2F
1-2: Ball
2-2: Strikes out swinging
Batting: RHB Lee Price 0-0: Grounds into double play, 4-6-3 (Groundball, 4)
Bottom of the 4th over - 0 run(s), 1 hit(s), 0 error(s), 0 left on base; Chula Vista 7 - Colorado 3
TOP OF THE 5TH
Chula Vista Tacos batting - Pitching for Colorado Commanders : RHP Bill Davis
Batting: SHB Brian Price 0-0: Ball
1-0: Ball
2-0: DOUBLE (Flyball, 9LD)
Batting: LHB Alberto Santos 0-0: Ball
1-0: Ball
2-0: Foul Ball, location: 2F
2-1: SINGLE (Groundball, 34D)
Brian Price to third
Batting: LHB Ray Bryant 0-0: Called Strike
0-1: Foul Ball, location: 2F
0-2: SINGLE (Groundball, 34D)
Brian Price scores
Alberto Santos to second
Runner from 2nd tries for 3rd, SAFE, no throw or cutoff
Batting: RHB Doug Brown 0-0: Called Strike
0-1: Foul Ball, location: 2F
0-2: Ball
Ray Bryant is caught stealing 2nd base
1-2: Foul Ball, location: 2F
1-2: Strikes out swinging
Batting: LHB Jaime Icaza 0-0: Ball
1-0: Foul Ball, location: 2F
1-1: SINGLE (Groundball, 3L)
Alberto Santos scores
Pitching: RHP Marcos Miranda
Batting: RHB Jorge Collazo 0-0: Ball
1-0: Ground out 5-3 (Groundball, 15S)
Top of the 5th over - 2 run(s), 4 hit(s), 0 error(s), 1 left on base; Chula Vista 9 - Colorado 3
BOTTOM OF THE 5TH
Colorado Commanders batting - Pitching for Chula Vista Tacos : LHP Raymond Ritchie
Batting: RHB Emiel van Rhee 0-0: Ball
1-0: Bunted foul
1-1: DOUBLE (Line Drive, 7LS)
Batting: LHB Rafael Delgado 0-0: Called Strike
0-1: Ground out 6-3 (Groundball, 6)
Batting: RHB Emílio Bruno 0-0: TRIPLE (Flyball, 9LM)
Emiel van Rhee scores
Batting: RHB Arnold Harmon 0-0: Ball
1-0: Foul Ball, location: 2F
1-1: Ground out 5-3 (Groundball, 5)
Batting: RHB Diego Francisco 0-0: Ball
1-0: Called Strike
1-1: Foul Ball, location: 2F
1-2: Strikes out swinging
Bottom of the 5th over - 1 run(s), 2 hit(s), 0 error(s), 1 left on base; Chula Vista 9 - Colorado 4
TOP OF THE 6TH
Chula Vista Tacos batting - Pitching for Colorado Commanders : RHP Marcos Miranda
Batting: RHB John Nelson 0-0: Ground out 5-3 (Groundball, 56)
Batting: SHB Adrián Nieto 0-0: Ball
1-0: Ball
2-0: Ball
3-0: Base on Balls
Batting: LHB Ken Phillips 0-0: Called Strike
0-1: Ball
1-1: SINGLE (Groundball, 4MD)
Adrián Nieto to second
Batting: SHB Brian Price 0-0: Ball
1-0: Ball
2-0: Foul Ball, location: 2F
2-1: Ball
3-1: Base on Balls
Adrián Nieto to third
Ken Phillips to second
Batting: LHB Alberto Santos 0-0: Called Strike
0-1: Ball
1-1: Called Strike
1-2: Strikes out looking
Batting: LHB Ray Bryant 0-0: Called Strike
0-1: Swinging Strike
0-2: Foul Ball, location: 2F
0-2: Ball
1-2: Fielders Choice at 2nd, U6 (Groundball, 6M)
Top of the 6th over - 0 run(s), 1 hit(s), 0 error(s), 3 left on base; Chula Vista 9 - Colorado 4
BOTTOM OF THE 6TH
Colorado Commanders batting - Pitching for Chula Vista Tacos : LHP Raymond Ritchie
Batting: LHB Gary Kern 0-0: Called Strike
0-1: Ball
1-1: SINGLE (Groundball, 3D)
Batting: RHB Tim Adkins 0-0: Called Strike
0-1: Ball
1-1: Ball
2-1: Foul Ball, location: 2F
2-2: Foul Ball, location: 2F
2-2: Fielders Choice at 2nd, 6-4 (Groundball, 6)
Batting: SHB Ángel Díaz 0-0: Called Strike
0-1: Ball
1-1: Ball
2-1: Swinging Strike
2-2: Foul Ball, location: 2F
2-2: Strikes out swinging
Pitching: RHP Sixto Aguilar
Batting: RHB Lee Price 0-0: Called Strike
0-1: Ball
1-1: Ball
2-1: Fielders Choice at 2nd, U6 (Groundball, 6M)
Bottom of the 6th over - 0 run(s), 1 hit(s), 0 error(s), 1 left on base; Chula Vista 9 - Colorado 4
TOP OF THE 7TH
Chula Vista Tacos batting - Pitching for Colorado Commanders : RHP Marcos Miranda
Batting: RHB Doug Brown 0-0: Called Strike
0-1: Ball
1-1: SINGLE (Groundball, 5L)
Batting: LHB Jaime Icaza 0-0: Called Strike
0-1: Reached on error, E5 (Groundball, 5L)
Doug Brown to third
Batting: RHB Jorge Collazo 0-0: Ball
1-0: Called Strike
1-1: Ball
2-1: Foul Ball, location: 2F
2-2: Strikes out swinging
Pitching: RHP Ramiro Trujillo
Batting: RHB John Nelson 0-0: Ball
1-0: Fly out, F8 (Flyball, 8RM)
Runner from 3rd tags up, SCORES, throw made
Batting: SHB Adrián Nieto 0-0: Called Strike
0-1: Fly out, F6 (Line Drive, 6M)
Top of the 7th over - 1 run(s), 1 hit(s), 1 error(s), 1 left on base; Chula Vista 10 - Colorado 4
BOTTOM OF THE 7TH
Colorado Commanders batting - Pitching for Chula Vista Tacos : RHP Sixto Aguilar
Batting: RHB Emiel van Rhee 0-0: Called Strike
0-1: Ball
1-1: Called Strike
1-2: Foul Ball, location: 2F
1-2: Fly out, F8 (Flyball, 89M)
Batting: LHB Rafael Delgado 0-0: Ball
1-0: Ball
2-0: Called Strike
2-1: Ball
3-1: Base on Balls
Batting: RHB Emílio Bruno 0-0: Grounds into double play, 1-6-3 (Groundball, 15)
Bottom of the 7th over - 0 run(s), 0 hit(s), 0 error(s), 0 left on base; Chula Vista 10 - Colorado 4
TOP OF THE 8TH
Chula Vista Tacos batting - Pitching for Colorado Commanders : RHP Ramiro Trujillo
Batting: LHB Ken Phillips 0-0: Called Strike
0-1: SINGLE (Line Drive, 8RS)
Batting: SHB Brian Price 0-0: Ball
1-0: Ball
2-0: Called Strike
2-1: Ball
3-1: Base on Balls
Ken Phillips to second
Batting: LHB Alberto Santos 0-0: Sac Bunt - play at third, runner safe!
Brian Price to second
Batting: LHB Ray Bryant 0-0: Ball
1-0: Called Strike
1-1: Ball
2-1: Foul Ball, location: 2F
2-2: Strikes out swinging
Batting: RHB Doug Brown 0-0: Called Strike
0-1: Ball
1-1: Grounds into double play, 5-4-3 (Groundball, 56)
Top of the 8th over - 0 run(s), 1 hit(s), 0 error(s), 2 left on base; Chula Vista 10 - Colorado 4
BOTTOM OF THE 8TH
Colorado Commanders batting - Pitching for Chula Vista Tacos : RHP Sixto Aguilar
Now at C: Dave King
Batting: RHB Arnold Harmon 0-0: Called Strike
0-1: Ball
1-1: Foul Ball, location: 2F
1-2: Foul Ball, location: 2F
1-2: Strikes out swinging
Batting: RHB Diego Francisco 0-0: Ball
1-0: Swinging Strike
1-1: Ball
2-1: Ball
3-1: Base on Balls
Batting: LHB Gary Kern 0-0: Ball
1-0: Fly out, F4 (Popup, 4M)
Batting: RHB Tim Adkins 0-0: Called Strike
0-1: Fielders Choice at 2nd, 6-4 (Groundball, 6)
Bottom of the 8th over - 0 run(s), 0 hit(s), 0 error(s), 0 left on base; Chula Vista 10 - Colorado 4
TOP OF THE 9TH
Chula Vista Tacos batting - Pitching for Colorado Commanders : RHP Ramiro Trujillo
Batting: LHB Jaime Icaza 0-0: Ball
1-0: Ball
2-0: Ball
3-0: Base on Balls
Batting: RHB Jorge Collazo 0-0: Bunted foul
0-1: Bunt missed!
0-2: Ball
1-2: Fielders Choice at 2nd, 6-4 (Groundball, 6M)
Batting: RHB John Nelson 0-0: Fielders Choice at 2nd, 1-6 (Groundball, 13S)
Batting: SHB Adrián Nieto 0-0: Called Strike
0-1: Ball
1-1: Fly out, F7 (Flyball, 7M)
Top of the 9th over - 0 run(s), 0 hit(s), 0 error(s), 1 left on base; Chula Vista 10 - Colorado 4
BOTTOM OF THE 9TH
Colorado Commanders batting - Pitching for Chula Vista Tacos : RHP Sixto Aguilar
Batting: SHB Ángel Díaz 0-0: Fly out, F3 (Popup, 34S)
Batting: RHB Lee Price 0-0: Foul Ball, location: 2F
0-1: Called Strike
0-2: Ball
1-2: Foul Ball, location: 2F
1-2: Ball
2-2: Ball
3-2: Strikes out looking
Batting: RHB Emiel van Rhee 0-0: Ball
1-0: Swinging Strike
1-1: Called Strike
1-2: Foul Ball, location: 2F
1-2: Ball
2-2: Strikes out swinging
Bottom of the 9th over - 0 run(s), 0 hit(s), 0 error(s), 0 left on base; Chula Vista 10 - Colorado 4
This league is powered by Out of the Park Baseball, the baseball management simulation game for PC, Mac and Linux
Wednesday, December 2nd, 2015 - OOTP Baseball 16.8 Build 38